 Dungeon Crawl Stone Soup version 0.25.0-1-g7eea58d2a3 (webtiles) character file.

Game seed: 9181146625270408641

53 McIrco the Sneak (level 3, 0/24 HPs)
             Began as a Vampire Enchanter on June 13, 2020.
             Slain by a goblin
             ... wielding a +0 club
             ... led by Robin
              (5 damage)
             ... on level 2 of the Dungeon.
             The game lasted 00:02:03 (1141 turns).

McIrco the Sneak (Vampire Enchanter)                Turns: 1141, Time: 00:02:04

Health: 0/24       AC:  3    Str:  7    XL:     3   Next: 64%
Magic:  1/6        EV: 13    Int: 17    God:
Gold:   131        SH:  0    Dex: 15    Spells: 3/6 levels left

rFire    . . .     SeeInvis +   a - +2 dagger (flame)
rCold    . . .     Gourm    .   (no shield)
rNeg     . . .     Faith    .   b - +0 robe
rPois    .         Spirit   .   (no helmet)
rElec    .         Reflect  .   (no cloak)
rCorr    .         Harm     .   j - +0 pair of gloves
MR       .....                  (no boots)
Stlth    +++.......             (no amulet)
HPRegen  0.28/turn              (no ring)
MPRegen  0.10/turn              (no ring)

@: very slightly contaminated, regenerating quickly
A: no food, fangs 3, see invisible, unbreathing
a: Exsanguinate


You were on level 2 of the Dungeon.
You were alive.

You visited 1 branch of the dungeon, and saw 2 of its levels.

You collected 131 gold pieces.

Inventory:

Hand Weapons
 a - a +2 dagger of flaming (weapon)
Armour
 b - a +0 robe (worn)
 j - a +0 pair of gloves (worn)
Scrolls
 c - a scroll of random uselessness {unknown}
 e - a scroll of remove curse {unknown}
 f - 2 scrolls of identify {unknown}
 g - a scroll of fog {unknown}
 h - a scroll of enchant weapon {unknown}
Potions
 d - 2 potions of flight {unknown}
 i - a potion of mutation {unknown}
 k - a potion of curing {unknown}


   Skills:
 + Level 0.1 Fighting
 + Level 1.7 Short Blades
 + Level 2.4 Dodging
 + Level 5.4 Stealth
 + Level 2.3 Spellcasting
 * Level 5.1 Hexes


You had 3 spell levels left.
You knew the following spells:

 Your Spells              Type           Power        Failure   Level  Hunger
a - Corona                Hex            ###....      2%          1    N/A
b - Ensorcelled Hibernat  Hex/Ice        ##....       10%         2    N/A

Your spell library contained the following spells:

 Spells                   Type           Power        Failure   Level  Hunger
 Confusing Touch          Hex            ###.....     7%          3    N/A
 Tukima's Dance           Hex            ###.....     7%          3    N/A
 Dazzling Flash           Conj/Hex       ##....       19%         3    N/A

Dungeon Overview and Level Annotations

Branches:
Dungeon (2/15)

Altars:

Annotations:
D:2 Robin


Innate Abilities, Weirdness & Mutations

You do not eat.
Your natural rate of healing is unusually fast.
You have razor-sharp teeth.
You have supernaturally acute eyesight. (SInv)
You can survive without breathing.


Message History

The goblin is severely wounded.
The goblin hits you.
You hit the goblin. You burn the goblin.
You kill the goblin!
The goblin shoots a stone.
The stone misses you.
The goblin unwields a +0 hunting sling.
The goblin wields a +0 club.
The goblin hits you with a +0 club!
* * * LOW HITPOINT WARNING * * *
Items here: ( )))))))) ††††† Robin throws the goblin at you!
The goblin hits you but does no damage.
You see here a stone.
Casting: Ensorcelled Hibernation (safe; 10% risk of failure)
Confirm with . or Enter, or press ? or * to list all spells.
Aiming: Ensorcelled Hibernation (safe; 10% risk of failure)
Press: ? - help, Shift-Dir - straight line, f - goblin
Aim: a goblin, wielding a +0 club and quivering 17 stones (chance to defeat MR: 59%)
You miscast Ensorcelled Hibernation.
You are very lightly contaminated with residual magic.
Nothing appears to happen.
The goblin hits you with a +0 club.
You die...

# . ## #### # .. .
..# # #.##% .(##.###
....# ##.......
#.g###..# #g#.#.#
##@##.## ###...# #
#...# #### #...#####
.... #...#...# ....
#####...#...### ...
..............##..#.
..................%.
..............##..##


You could see Robin and a goblin.

Vanquished Creatures
  An adder (D:2)
  A dart slug (D:1)
  2 leopard geckos (D:1)
  3 giant cockroaches
  10 goblins
  4 hobgoblins
  A ball python (D:1)
  5 bats
  4 kobolds (D:1)
  9 rats
40 creatures vanquished.

Notes
Turn   | Place    | Note
-------+----------+-------------------------------------------
     0 | D:1      | McIrco the Vampire Enchanter began the quest for the Orb.
     0 | D:1      | Reached XP level 1. HP: 13/13 MP: 3/3
   229 | D:1      | Reached XP level 2. HP: 4/19 MP: 5/5
   306 | D:1      | Learned a level 2 spell: Ensorcelled Hibernation
   339 | D:1      | Reached skill level 5 in Hexes
   705 | D:1      | Reached skill level 5 in Stealth
   768 | D:1      | Reached XP level 3. HP: 24/24 MP: 6/6
  1107 | D:2      | Noticed Robin
  1141 | D:2      | Slain by a goblin

Illustrated notes

Levels and vault maps discovered:
D:1:      minmay_arrival_jagged, layout_basic
D:2:      layout_loops_cross, lemuel_round_altar, uniq_robin, uniq_terence

Skill      XL: |  1  2 |
---------------+-------+-----
Hexes          | 5 |  5.1
Stealth        | 5 |  5.4
Fighting       | |  0.1
Short Blades   | |  1.7
Dodging        | |  2.4
Spellcasting   | |  2.3

Action                   || total
-------------------------++-------
Melee: Dagger            ||   119
       Bite              ||     8
 Cast: Ensorcelled Hiber ||     4
 Stab: Sleeping          ||    14
Armor: Robe              ||     9
Dodge: Dodged            ||    59
